 Dungeon Crawl Stone Soup version 0.28.0-1-gb440e238dd (webtiles) character file.

Game seed: 6524943034793422728

32 Hasart the Slasher (level 3, -1/30 HPs)
             Began as a Barachi Berserker on Feb 19, 2022.
             Was a Follower of Trog.
             Killed by nerve-wracking pain
             ... invoked by Jessica
              (5 damage)
             ... on level 2 of the Dungeon.
             The game lasted 00:01:41 (1715 turns).

Hasart the Slasher (Barachi Berserker)              Turns: 1715, Time: 00:01:42

Health: -1/30      AC:  9    Str: 20    XL:     3   Next: 25%
Magic:  3/3        EV:  8    Int:  7    God:    Trog [*.....]
Gold:   120        SH:  0    Dex: 11    Spells: 2/2 levels left

rFire   . . .      SeeInvis .   a - +0 falchion
rCold   . . .      Faith    .   (no shield)
rNeg    . . .      Spirit   .   g - +0 chain mail
rPois   .          Reflect  .   (no helmet)
rElec   .          Harm     .   (no cloak)
rCorr   .          Rampage  .   (no gloves)
Will    .....                   (no boots)
Stlth   ..........              (no amulet)
HPRegen 0.10/turn               (no ring)
MPRegen 0.08/turn               (no ring)

@: slow
A: amphibious, slowness 1, strong legs 1, +LOS
a: Hop, Renounce Religion, Berserk


You were on level 2 of the Dungeon.
You worshipped Trog.
Trog was aware of your devotion.
You visited 1 branch of the dungeon, and saw 2 of its levels.

You collected 120 gold pieces.

Inventory:

Hand Weapons
 a - a +0 falchion (weapon)
Armour
 g - a +0 chain mail (worn)
Scrolls
 b - a scroll of fog {unknown}
 d - a scroll of fear {unknown}
 e - a scroll of brand weapon {unknown}
 f - a scroll of blinking {unknown}
Potions
 c - a potion of curing {unknown}


   Skills:
 + Level 4.0 Fighting
 * Level 4.3 Long Blades
 + Level 2.9 Armour
 + Level 2.6 Dodging


You had 2 spell levels left.
You didn't know any spells.
Your spell library was empty.

Dungeon Overview and Level Annotations

Branches:
Dungeon (2/15)

Altars:

Annotations:
D:2 Jessica


Innate Abilities, Weirdness & Mutations

You are amphibious.
You cover ground slowly.
You can hop short distances.
You have an extended range of vision and can be seen from far away.


Message History

No target in view!
No target in view!
You see here a giant cockroach corpse.
b - a scroll labelled EGYIBIXENOPH You now have 120 gold pieces (gained 5).
You open the door.
Jessica the Apprentice Sorceress comes into view.
She is wielding a +0 club.
Jessica shouts!
A quokka comes into view.
Jessica moves out of view.
Found 9 gold pieces and a murky dark potion.
A quokka is nearby!
Found 2 cyan potions and a scroll labelled GESIR UMU YPUGH.
Jessica gestures wildly while chanting.
Jessica blinks!
Jessica mumbles some strange words.
Jessica blinks!
There is an open door here.
You closely miss Jessica.
The quokka bites you but does no damage.
Jessica completely misses you.
You closely miss Jessica.
The quokka bites you but does no damage.
Jessica hits you with a +0 club.
You closely miss Jessica. The quokka barely misses you.
Jessica hits you with a +0 club. The quokka bites you.
You hit Jessica.
Jessica is lightly wounded.
Jessica hits you with a +0 club. The quokka bites you.
You barely miss Jessica.
Jessica is lightly wounded.
The quokka completely misses you. Jessica hits you with a +0 club.
* * * LOW HITPOINT WARNING * * *
You barely miss Jessica.
Jessica is lightly wounded.
The quokka bites you.
* * * LOW HITPOINT WARNING * * *
Jessica points at you and mumbles some strange words.
Pain shoots through your body!
You die...

#.....# #..'...+..# #.....#
#.##...##.#
#.....####.##...##.#
#........#.##...##.#
#.)......#.##...##.###
....#####.....+...)....##
....##.!.##...##...##....#
... #.....#...##...####..#
.. #...$r@...###### ##.## ..
#.....#@.## #####..#
#.#..##?!.##..#######......#
......#####.................
#...............#.#####.
##...†.#####....#.#####.
#.......# ....#.......
......###### #.########.
####### .# #.


You could see Jessica and a quokka.

Vanquished Creatures
  A dart slug (D:2)
  4 endoplasms
  3 giant cockroaches
  2 goblins
  3 hobgoblins
  A kobold (D:2)
  3 quokkas (D:1)
  3 ball pythons (D:1)
  2 bats (D:1)
  4 frilled lizards
  2 rats (D:1)
28 creatures vanquished.

Notes
Turn   | Place    | Note
-------+----------+-------------------------------------------
     0 | D:1      | Hasart the Barachi Berserker began the quest for the Orb.
     0 | D:1      | Reached XP level 1. HP: 18/18 MP: 1/1
    63 | D:1      | Found a faded altar of an unknown god.
   381 | D:1      | Reached XP level 2. HP: 7/25 MP: 2/2
  1524 | D:2      | Reached XP level 3. HP: 22/30 MP: 3/3
  1707 | D:2      | Noticed Jessica
  1715 | D:2      | Killed from afar by Jessica

Illustrated notes

Levels and vault maps discovered:
D:1:      wander_arrival_fairy_ring, layout_basic,
          nicolae_ecumenical_snake_handling, nicolae_figureground_pulse
D:2:      layout_basic, kennysheep_jessica_study, uniq_jessica

Skill      XL: |  1  2  3 |
---------------+----------+-----
Long Blades    | 4 |  4.3
Fighting       | 4 |  4.0
Armour         | |  2.9
Dodging        | |  2.6

Action                   || total
-------------------------++-------
Melee: Falchion          ||    82
       Punch             ||     1
Armor: Animal skin       ||    11
       Chain mail        ||    16
Dodge: Dodged            ||    47
